 Seeded DCSS version 0.29.1-2-gbd0b4ee654 (webtiles) character file.

Game seed: 696969 (custom seed)

72 qeuew the Trooper (level 4, 49/49 HPs)
             Began as an Ogre Cinder Acolyte on Nov 15, 2022.
             Was a High Priest of Ignis.
             Quit the game on level 3 of the Dungeon.
             The game lasted 00:02:17 (1768 turns).

qeuew the Trooper (Ogre Cinder Acolyte)             Turns: 1768, Time: 00:02:18

Health: 49/49      AC:  3    Str: 18    XL:     4   Next: 26%
Magic:  7/7        EV:  9    Int: 15    God:    Ignis [*****.]
Gold:   53         SH:  0    Dex: 12    Spells: 7/7 levels left

rFire   + . .      SeeInvis .   a - -1 hand axe (flame)
rCold   . . .      Faith    .   (no shield)
rNeg    . . .      Spirit   .   b - +0 robe
rPois   .          Reflect  .   (helmet restricted)
rElec   .          Harm     .   (no cloak)
rCorr   .          Rampage  .   (gloves unavailable)
Will    .....                   (boots unavailable)
Stlth   +.........              (no amulet)
HPRegen 0.16/turn               i - +6 ring of dexterity
MPRegen 0.10/turn               (no ring)

@: no status effects
A: large, unfitting armour, tough skin 1
a: Renounce Religion, Fiery Armour, Foxfire Swarm, Rising Flame


You were on level 3 of the Dungeon.
You worshipped Ignis.
Ignis was extremely pleased with you.
You visited 1 branch of the dungeon, and saw 3 of its levels.

You collected 53 gold pieces.

Inventory:

Hand Weapons
 a - a -1 hand axe of flaming (weapon)
Armour
 b - a +0 robe (worn)
Jewellery
 i - a +6 ring of dexterity (left hand)
Scrolls
 c - a scroll of blinking
 f - a scroll of butterflies {unknown}
 h - a scroll of identify
Potions
 d - a potion of curing
 e - a potion of ambrosia {unknown}
 g - a potion of flight


   Skills:
 + Level 4.7 Fighting
 + Level 3.5 Axes
 + Level 2.3 Spellcasting
 + Level 3.2 Fire Magic


You had 7 spell levels left.
You didn't know any spells.
Your spell library contained the following spells:

 Spells                   Type           Power      Damage    Failure   Level
 Scorch                   Fire           22%        2d6       9%          2
 Poisonous Vapours        Pois/Air       2%         N/A       32%         2
 Dazzling Flash           Conj/Hex       2%         N/A       54%         3
 Lesser Beckoning         Tloc           1%         N/A       54%         3
 Airstrike                Air            0%         2d(1-17)  91%         4
 Iskenderun's Mystic Bla  Conj/Tloc      1%         2d3       91%         4
 Conjure Ball Lightning   Conj/Air       0%         3x3d6     100%        6
 Starburst                Conj/Fire      3%         6d3       100%        6
 Malign Gateway           Summ/Tloc      0%         N/A       100%        7
 Discord                  Hex            0%         N/A       100%        8
 Disjunction              Tloc           0%         N/A       100%        8


Dungeon Overview and Level Annotations

Branches:
Dungeon (3/15)

Altars:

Shops:
D:3 [


Innate Abilities, Weirdness & Mutations

You are too large for most types of armour.
You have tough skin. (AC +1)


Message History

HP restored.
You see here a ball python corpse.
Found Duamn's Armour Emporium.
No target in view!
Found a long sword.
You see here a +0 long sword.
There is an entrance to Duamn's Armour Emporium here.
Found a leather armour.
Found a stone staircase leading down.
No target in view!
A ball python comes into view.
A ball python is nearby!
The helpless ball python fails to defend itself.
You hit the ball python. You burn the ball python.
The ball python is severely wounded.
The ball python barely misses you.
A ball python is nearby!
You hit the ball python. You burn the ball python.
You kill the ball python!
Key pressed, stopping explore.
No target in view!
No target in view!
Found a robe.
Found a whip.
No target in view!
f - a scroll labelled ABIT IRPHYSTRUNT No target in view!
No target in view!
g - a potion of flight
h - a scroll of identify No target in view!
Found a hand axe.
No target in view!
Found a war axe.
No target in view!
A bat comes into view.
The bat hits you but does no damage.
A bat is nearby!
You hit the bat but do no damage. The bat hits you but does no damage.
The bat closely misses you.
Are you sure you want to abandon this character and quit the game? (Confirm with "yes".)

#...# #......### #...#
#.###....##
#...#####.#.......#
#######...##.......#.#..#
##...............#..#.#..#
#...<............#........
..............)......#...##..#
###.########.b.##..........#.#
# #.@.#########.#...# #...#
#.....# #...# ###.### #...#
#.... #.... #.### ...... #.##.
....#.# #.... ........ #.###
#....


You could see a bat.

Vanquished Creatures
  Robin (D:2)
  An adder (D:2)
  A dart slug (D:1)
  4 ball pythons
  5 endoplasms
  3 giant cockroaches
  11 goblins
  5 hobgoblins
  2 jackals (D:1)
  2 bats (D:1)
  2 frilled lizards
  4 kobolds (D:1)
  3 rats (D:1)
44 creatures vanquished.

Vanquished Creatures (others)
  9 foxfires (D:2)
9 creatures vanquished.

Grand Total: 53 creatures vanquished

Notes
Turn   | Place    | Note
-------+----------+-------------------------------------------
     0 | D:1      | qeuew the Ogre Cinder Acolyte began the quest for the Orb.
     0 | D:1      | Reached XP level 1. HP: 24/24 MP: 2/2
   192 | D:1      | Got the Folio of Voltaic Dislocation
   370 | D:1      | Reached XP level 2. HP: 32/32 MP: 2/4
   791 | D:1      | Reached XP level 3. HP: 35/40 MP: 5/5
  1233 | D:2      | Noticed Robin
  1247 | D:2      | HP: 2/40 [Robin/+0 mace (6)]
  1249 | D:2      | Killed Robin
  1250 | D:2      | Reached XP level 4. HP: 30/49 MP: 7/7
  1653 | D:3      | Found Duamn's Armour Emporium.
  1768 | D:3      | Quit the game

Illustrated notes

Levels and vault maps discovered:
D:1:      lemuel_arrival_broad_hall, layout_basic
D:2:      layout_rooms, uniq_robin
D:3:      layout_loops_cross, hellmonk_ecumenical_altar_inner_sanctum,
          serial_shops, nicolae_shop_trees

Skill      XL: |  1  2  3 |
---------------+----------+-----
Fire Magic     | 3 |  3.2
Spellcasting   | 2 |  2.3
Fighting       | |  4.7
Axes           | |  3.5

Action                   |  1- 3 |  4- 6 || total
-------------------------+-------+-------++-------
Melee: Hand axe          |   104 |    17 ||   121
       Punch             |     1 |       ||     1
Invok: Foxfire Swarm     |     1 |       ||     1
  Use: Potion            |     6 |       ||     6
       Scroll            |     1 |     4 ||     5
 Stab: Sleeping          |       |     2 ||     2
Armor: Robe              |    44 |     8 ||    52
Dodge: Dodged            |    63 |     7 ||    70
